Map: Blackpink LE

Players

IagoAbreu

  • Race: Protoss Protoss
  • Spawn Location: 1:00

pipoca - Winner!

  • Race: Terran Terran
  • League: Gold
  • Spawn Location: 7:00

VOD

Have the link to the VOD?

Description

Time

  • Played on: Feb. 21, 2018, 10:50 a.m.
  • Length: 8:34
Show
View Real Time Build Order
Export as new Build Order

IagoAbreu Protoss 

Build Orders:  

Get SALT Encoding   

  12  0:11  Pylon  
  12  0:14  Probe (Chrono Boost)  
  13  0:23  Probe (Chrono Boost)  
  14  0:32  Gateway  
  14  0:36  Probe  
  15  0:48  Forge  
  15  0:52  Probe  
  16  1:13  Probe  
  16  1:17  Assimilator  
  18  1:25  Probe  
  18  1:30  Cybernetics Core  
  18  1:35  Assimilator  
  18  1:37  Probe  
  19  1:49  Probe  
  19  1:51  Photon Cannon  
  20  1:55  Photon Cannon  
  20  2:02  Probe (Chrono Boost)  
  21  2:13  Probe (Chrono Boost)  
  22  2:18  Probe (Chrono Boost)  
  23  2:27  Pylon  
  23  2:30  Pylon  
  23  2:35  Photon Cannon  
  23  2:42  Stargate  
  23  3:01  Stargate  
  23  3:09  Protoss Air Weapons Level 1  
  23  3:24  Nexus  
  23  3:43  Void Ray (Chrono Boost)  
  27  3:56  Assimilator  
  27  3:59  Assimilator  
  27  4:07  Void Ray (Chrono Boost)  
  31  4:39  Void Ray (Chrono Boost)  
  31  4:40  Probe (Chrono Boost)  
  36  4:51  Probe (Chrono Boost)  
  41  5:19  Probe  
  42  5:31  Probe  
  43  5:49  Probe  
  18  6:04  Probe  
  13  6:11  Pylon  
  13  6:15  Pylon  
  13  6:24  Probe (Chrono Boost)  
  14  6:33  Stargate  
  14  6:35  Stargate, Probe (Chrono Boost)  
  15  6:57  Stargate  
Show
View Real Time Build Order
Export as new Build Order

pipoca Terran - Winner!

Build Orders: MMM Bio 

Get SALT Encoding   

  12  0:01  SCV  
  13  0:13  SCV  
  14  0:24  Supply Depot  
  14  0:26  SCV  
  15  0:34  Supply Depot  
  15  0:50  Barracks  
  15  0:54  SCV  
  16  0:57  Refinery  
  16  1:02  Supply Depot  
  16  1:06  SCV  
  17  1:17  Barracks  
  17  1:23  SCV  
  18  1:36  Barracks  
  18  1:40  Marine  
  19  1:50  SCV  
  20  1:58  Marine  
  21  2:02  SCV  
  21  2:07  Barracks Tech Lab  
  22  2:13  Refinery  
  22  2:16  Marine  
  23  2:28  SCV  
  24  2:33  Barracks Tech Lab  
  24  2:35  Supply Depot  
  24  2:40  SCV  
  25  2:44  Concussive Shells  
  25  2:46  Marauder  
  25  2:48  Marine  
  28  2:52  SCV, Marauder  
  28  2:55  Stimpack  
  31  3:07  Marauder  
  31  3:10  Marine  
  34  3:14  Marauder  
  34  3:19  Orbital Command  
  36  3:29  Marauder  
  36  3:33  Supply Depot  
  40  3:41  Marauder  
  40  3:42  Marine  
  41  3:53  Combat Shields  
  41  3:55  Marauder  
  43  4:00  Marine  
  44  4:03  Marauder  
  44  4:09  Supply Depot  
  46  4:16  Marauder  
  48  4:18  Marine  
  49  4:39  Factory  
  49  4:40  Marine, Marauder  
  49  4:41  Marine  
  53  4:48  SCV  
  54  4:58  Marine  
  54  4:59  Marine  
  56  5:06  Marine  
  57  5:16  Marine  
  57  5:17  Marine  
  59  5:24  Marine  
  54  5:34  Marine  
  54  5:35  Marine  
  55  5:42  Marine  
  49  5:52  Marine x2  
  51  5:59  Marine  
  52  6:09  Marine  
  52  6:10  Marine  
  54  6:17  Marine  
  55  6:21  Factory Tech Lab  
  55  6:25  Starport  
  55  6:27  Marine  
  55  6:28  Marine  
  57  6:35  Marine  
  58  6:45  Marine  
  58  6:46  Marine  
  60  6:51  Siege Tank  
  63  6:56  Supply Depot  
  63  7:04  Marine x2, SCV  
  66  7:12  Marine  
  66  7:20  Viking  
  66  7:21  Marine x2  
  70  7:25  Engineering Bay  
  69  7:30  Marine  
  68  7:39  Marine x2  
  69  7:46  SCV  
  69  7:48  Marine  
  71  7:53  Command Center  
  71  7:57  Marine x2  
  71  7:58  SCV  
  74  8:05  Marine, Refinery  
  75  8:15  Marine  
Tags
 
Composition
MMM Bio
League
Gold
Matchup
PvT
Spawn Locations
Cross Positions
Add a new tag
Caveats
  • Supply blocks, unpowered buildings, or Contaminate may cause inaccurate times.
  • Supply counts are checked every 10 seconds.